 Dungeon Crawl Stone Soup version 0.23.1 (webtiles) character file.

Game seed: 0

10849 Hasart the Carver (level 11, -6/87 HPs)
             Began as a Demonspawn Fighter on Mar 6, 2019.
             Was a High Priest of Okawaru.
             Mangled by a vampire (10 damage)
             ... on level 11 of the Dungeon.
             The game lasted 00:24:57 (12917 turns).

Hasart the Carver (Demonspawn Fighter)             Turns: 12917, Time: 00:24:58

Health: -6/87      AC: 12    Str: 22    XL:     11   Next: 41%
Magic:  0/16       EV: 12    Int: 10    God:    Okawaru [*****.]
Gold:   587        SH: 11    Dex: 13    Spells: 10/10 levels left

rFire    . . .     SeeInvis .   a - +1 long sword
rCold    + . .     Gourm    .   c - +1 shield
rNeg     . . .     Faith    .   P - +0 troll leather armour
rPois    .         Spirit   +   (helmet unavailable)
rElec    .         Reflect  .   (no cloak)
rCorr    .         Harm     .   (no gloves)
MR       +....                  M - +2 pair of boots
Stlth    +.........             D - amulet of guardian spirit
HPRegen  0.64/turn              x - +3 ring of strength
MPRegen  0.15/turn              y - ring of protection from magic

@: no status effects
A: horns 3, icy blue scales 3, spiny 1
a: Heroism, Finesse, Renounce Religion


You were on level 11 of the Dungeon.
You worshipped Okawaru.
Okawaru was extremely pleased with you.
You were not hungry.

You visited 2 branches of the dungeon, and saw 12 of its levels.
You also visited: Sewer.

You collected 587 gold pieces.

Inventory:

Hand Weapons
 a - a +1 long sword (weapon)
 H - the +8 hand axe "Qoticuad" {antimagic, Int+5}
   (You found it on level 7 of the Dungeon)

   It reduces the magical energy of the wielder, and disrupts the spells and
   magical abilities of those hit.
   Natural abilities and divine invocations are not affected.
   It affects your intelligence (+5).
Missiles
 K - 2 throwing nets (quivered)
Armour
 c - a +1 shield (worn)
 l - a cursed +0 helmet
 M - a +2 pair of boots (worn)
 P - a +0 troll leather armour (worn)
Jewellery
 r - an uncursed ring of ice
 x - a +3 ring of strength (left hand)
 y - a ring of protection from magic (right hand)
 D - an amulet of guardian spirit (around neck)
Wands
 s - a wand of paralysis (16)
 A - a wand of clouds (1)
 N - a wand of flame (23)
Scrolls
 g - 5 scrolls of remove curse
 h - 2 scrolls of random uselessness {unknown}
 i - 20 scrolls of identify
 m - 3 scrolls of noise {unknown}
 o - 4 scrolls of teleportation
 q - 2 scrolls of fear {unknown}
 u - 7 scrolls of enchant weapon
 B - a scroll of enchant armour
 C - 4 scrolls of magic mapping {unknown}
 G - 2 scrolls of blinking {unknown}
 I - 2 scrolls of immolation {unknown}
 J - 2 scrolls of amnesia {unknown}
 O - a scroll of holy word {unknown}
Potions
 d - 4 potions of might
 e - a potion of haste {unknown}
 j - 4 potions of curing
 k - 2 potions of agility {unknown}
 n - 2 potions of brilliance {unknown}
 p - 4 potions of mutation {unknown}
 t - 3 potions of lignification {unknown}
 w - a potion of degeneration {unknown}
 z - 2 potions of flight {unknown}
 E - 2 potions of heal wounds {unknown}
 F - 3 potions of magic {unknown}
 L - a potion of ambrosia {unknown}
Comestibles
 b - 10 chunks of flesh
 f - 16 rations


   Skills:
 + Level 8.8 Fighting
 * Level 10.8 Long Blades
 + Level 5.9 Armour
 + Level 5.1 Dodging
 + Level 5.9 Shields
 + Level 6.6 Invocations


You had 10 spell levels left.
You didn't know any spells.
Your spell library contained the following spells:

 Spells                   Type           Power        Failure   Level  Hunger
 Corona                   Hex            #......      80%         1    ##.....
 Magic Dart               Conj           #...         80%         1    ##.....
 Searing Ray              Conj           #.....       91%         2    ###....
 Slow                     Hex            #.......     91%         2    ###....
 Dazzling Spray           Conj/Hex       #.....       99%         3    ####...
 Inner Flame              Hex/Fire       #.......     99%         3    ####...
 Portal Projectile        Hex/Tloc       #.....       99%         3    ####...
 Cause Fear               Hex            #.........   100%        4    #####..
 Force Lance              Conj/Tloc      #.......     100%        4    #####..
 Fulminant Prism          Conj/Hex       #.........   100%        4    #####..
 Iskenderun's Mystic Bla  Conj           #.......     100%        4    #####..
 Leda's Liquefaction      Hex/Erth       #.........   100%        4    #####..


Dungeon Overview and Level Annotations

Branches:
Dungeon (11/15)            Temple (1/1) D:5            Lair (0/6) D:8
    Orc: D:9-12

Altars:
Ashenzari
Cheibriados
Dithmenos
Fedhas
Gozag
Hepliaklqana
Kikubaaqudgha
Makhleb
Nemelex Xobeh
Okawaru
Qazlal
Ru
Sif Muna
Trog
Uskayaw
Wu Jian
Xom
Yredelemnul
Zin
The Shining One
Jiyva

Shops:
D:10 }

Portals:
Trove: D:10 (give +8 demon blade)


Innate Abilities, Weirdness & Mutations

You have a pair of large horns on your head.
You are completely covered in icy blue scales. (AC +4, rC+)
You are partially covered in sharp spines.


Message History

Unholy energy fills the air.
* * * LOW HITPOINT WARNING * * *
Really walk into that cloud of freezing vapour? [Y]es or [N]o only, please.
Really walk into that cloud of freezing vapour?
You closely miss something. Something hits you but does no damage.
Something bites you.
* * * LOW HITPOINT WARNING * * *
Something draws strength from your injuries!
Unknown command.
You feel better.
Unholy energy fills the air.
* * * LOW HITPOINT WARNING * * *
Okay, then.
Okay, then.
Evoke which item? (* to show all) (? for menu, Esc to quit)
Aiming: Throw Flame
Press: ? - help, Shift-Dir - straight line You hear a sizzling sound!
Something hits you but does no damage. Something bites you!
You die...

...........................
.............###...........
.............# #..........#
.............###...####....
...................####....
y...yy...§............>....
#####+###○#####.....#'#####
#§§○☼..#.....#....#
#.{@...#.....#....#
#......#.....#....#
#......#.....#....#
#......#.....'....#
...#####.###.#....## ....#
#.# #.#...... ...... #.#
#.#....## ..##... #.#
#.#....## ... #... #.#
#.'....#


There were no monsters in sight!

Vanquished Creatures
  A two-headed ogre (D:10)
  Sonja (D:10)
  Pikel (D:9)
  A cyclops (D:10)
  A troll (D:11)
  4 hornets (D:9)
  2 hippogriffs
  5 yaks
  A wyvern (D:10)
  A basilisk (D:11)
  3 vampire mosquitoes (D:11)
  Menkaure (D:4)
  Edmund (D:4)
  A porcupine (D:8)
  3 orc warriors
  4 slaves
  3 black bears
  2 phantoms
  5 ice beasts
  3 sky beasts
  3 ogres
  2 centaurs
  An eye of draining (D:8)
  A crocodile (D:10)
  9 bullfrogs
  2 gnoll sergeants
  6 scorpions
  5 killer bees (D:9)
  12 howler monkeys
  2 crimson imps
  7 hounds
  A centaur zombie (D:7)
  4 orc priests
  2 bullfrog skeletons
  13 orc wizards
  3 gnoll shamans (D:6)
  4 iguanas
  A centaur skeleton (D:6)
  Natasha (thrice) (D:4)
  5 worker ants
  A killer bee zombie (D:6)
  A worker ant zombie (D:6)
  Robin (D:3)
  32 gnolls
  A howler monkey skeleton (D:10)
  20 adders
  6 river rats (Sewer)
  A shadow imp (D:10)
  An ooze (D:6)
  An adder zombie (D:8)
  3 worms
  A dart slug (D:4)
  A leopard gecko (D:3)
  29 orcs
  10 ball pythons
  5 giant cockroaches
  10 goblins
  13 hobgoblins
  25 jackals
  A quokka (D:7)
  5 bats
  10 frilled lizards
  6 kobolds
  A leopard gecko skeleton (D:4)
  A quokka zombie (D:7)
  36 rats
352 creatures vanquished.

Vanquished Creatures (others)
  A fungus (D:8)
  A plant (D:8)
2 creatures vanquished.

Grand Total: 354 creatures vanquished

Notes
Turn   | Place    | Note
-------+----------+-------------------------------------------
     0 | D:1      | Hasart the Demonspawn Fighter began the quest for the Orb.
     0 | D:1      | Reached XP level 1. HP: 18/18 MP: 1/1
    80 | D:1      | Reached skill level 2 in Long Blades
   215 | D:1      | Gained mutation: You are partially covered in icy blue
                  | scales. (AC +2) [demonic ancestry]
   215 | D:1      | Reached XP level 2. HP: 24/24 MP: 2/2
   858 | D:2      | Gained mutation: You are mostly covered in icy blue scales.
                  | (AC +3) [demonic ancestry]
   858 | D:2      | Reached XP level 3. HP: 8/29 MP: 3/3
  1113 | D:2      | Reached skill level 3 in Long Blades
  1601 | D:2      | Reached XP level 4. HP: 24/37 MP: 4/4
  2328 | D:3      | Found a burning altar of Makhleb.
  2354 | D:3      | Reached skill level 4 in Long Blades
  2580 | D:3      | Gained mutation: You have a pair of small horns on your
                  | head. [demonic ancestry]
  2580 | D:3      | Reached XP level 5. HP: 38/42 MP: 5/5
  2748 | D:3      | Identified the +0 helmet "Fiyploma" {Dex+7}
  2748 | D:3      | Noticed Robin
  2759 | D:3      | Killed Robin
  3348 | D:4      | Noticed Menkaure
  3349 | D:4      | Reached XP level 6. HP: 49/49 MP: 6/6
  3354 | D:4      | Killed Menkaure
  3354 | D:4      | Reached skill level 5 in Long Blades
  3356 | D:4      | Noticed Natasha
  3365 | D:4      | Killed Natasha
  3365 | D:4      | Reached skill level 5 in Fighting
  3599 | D:4      | Noticed Edmund
  3619 | D:4      | Killed Edmund
  3619 | D:4      | Reached skill level 6 in Long Blades
  3619 | D:4      | Reached XP level 7. HP: 32/56 MP: 7/7
  3802 | D:4      | Noticed Natasha
  3994 | D:4      | Killed Natasha
  4187 | D:4      | Noticed Natasha
  4193 | D:4      | Killed Natasha
  4694 | D:5      | Entered Level 5 of the Dungeon
  4798 | D:5      | Found a glowing drain.
  4832 | Sewer    | Entered a sewer
  5138 | Sewer    | Reached skill level 7 in Long Blades
  5381 | Sewer    | Gained mutation: You are completely covered in icy blue
                  | scales. (AC +4, rC+) [demonic ancestry]
  5381 | Sewer    | Reached XP level 8. HP: 36/64 MP: 4/8
  5653 | D:5      | Found a staircase to the Ecumenical Temple.
  5662 | Temple   | Entered the Ecumenical Temple
  5730 | Temple   | Became a worshipper of Warmaster Okawaru
  6013 | D:5      | Found a sparkling altar of Nemelex Xobeh.
  6014 | D:5      | Found a bloodstained altar of Trog.
  6014 | D:5      | Found a basalt altar of Yredelemnul.
  6014 | D:5      | Found a stormy altar of Qazlal.
  6029 | D:5      | Found an ornate altar of the Wu Jian Council.
  6029 | D:5      | Found a snail-covered altar of Cheibriados.
  6423 | D:6      | Found an ancient bone altar of Kikubaaqudgha.
  6914 | D:6      | Reached skill level 8 in Long Blades
  6914 | D:6      | Reached skill level 1 in Invocations
  7050 | D:6      | Found a blossoming altar of Fedhas.
  7250 | D:6      | Reached skill level 1 in Dodging
  7287 | D:6      | Reached * piety under Okawaru
  7629 | D:6      | Gained mutation: You have a pair of horns on your head.
                  | [demonic ancestry]
  7629 | D:6      | Reached XP level 9. HP: 45/71 MP: 6/11
  8244 | D:7      | Got a crystal hand axe
  8245 | D:7      | Identified the +8 hand axe "Qoticuad" {antimagic, Int+5}
                  | (You found it on level 7 of the Dungeon)
  8427 | D:7      | Reached ** piety under Okawaru
  8605 | D:7      | Found a shattered altar of Ashenzari.
  8686 | D:7      | Reached skill level 9 in Long Blades
  8947 | D:7      | Found an opulent altar of Gozag.
  9059 | D:8      | Reached *** piety under Okawaru
  9059 | D:8      | Reached skill level 5 in Invocations
  9063 | D:8      | Gained mutation: You have a pair of large horns on your
                  | head. [demonic ancestry]
  9063 | D:8      | Reached XP level 10. HP: 48/79 MP: 8/13
  9727 | D:8      | Found a glowing silver altar of Zin.
  9981 | D:8      | Found a staircase to the Lair.
 10303 | D:8      | Reached **** piety under Okawaru
 10553 | D:9      | Noticed Pikel
 10572 | D:9      | Killed Pikel
 10572 | D:9      | Reached skill level 5 in Armour
 10572 | D:9      | Reached skill level 5 in Shields
 10594 | D:9      | Reached skill level 10 in Long Blades
 10614 | D:9      | Found a hide-covered altar of Uskayaw.
 10964 | D:9      | Paralysed by a hornet for 1 turns
 11789 | D:10     | Entered Level 10 of the Dungeon
 11843 | D:10     | Noticed Sonja
 11850 | D:10     | Killed Sonja
 11850 | D:10     | Gained mutation: You are partially covered in sharp spines.
                  | [demonic ancestry]
 11850 | D:10     | Reached XP level 11. HP: 75/87 MP: 15/15
 11863 | D:10     | Found a portal to a secret trove of treasure.
 11938 | D:10     | Noticed a two-headed ogre
 11945 | D:10     | Killed a two-headed ogre
 11945 | D:10     | Reached ***** piety under Okawaru
 12426 | D:10     | Reached skill level 5 in Dodging
 12446 | D:10     | Found Ywohaa's Gadget Shop.
 12749 | D:11     | Received a gift from Okawaru
 12916 | D:11     | HP: 4/87 [something/vampiric draining (13)]
 12917 | D:11     | Mangled by a vampire

Skill      XL: |  1  2  3  4  5  6  7  8  9 10 11 |
---------------+----------------------------------+-----
Long Blades    | 2 3 4 6 7 8 9 10 | 10.8
Fighting       | 4 5 6 7 8 |  8.8
Invocations    | 2 5 6 |  6.6
Shields        | 3 4 5 |  5.9
Dodging        | 1 3 4 5 |  5.1
Armour         | 3 4 5 |  5.9

Action                   |  1- 3 |  4- 6 |  7- 9 | 10-12 || total
-------------------------+-------+-------+-------+-------++-------
Melee: Long sword        |   123 |   168 |   614 |   345 ||  1250
       Headbutt          |       |    15 |   148 |    93 ||   256
Evoke: Wand              |       |       |       |    10 ||    10
  Use: Scroll            |     5 |       |       |       ||     5
       Potion            |       |       |       |     2 ||     2
 Stab: Paralysed         |       |       |       |     1 ||     1
  Eat: Chunk             |     2 |     7 |    19 |     9 ||    37
       Ration            |       |       |       |     1 ||     1
Armor: Scale mail        |    73 |    66 |   293 |   132 ||   564
       Troll leather arm |       |       |       |    13 ||    13
Dodge: Dodged            |    45 |    39 |   193 |   122 ||   399
Block: Shield            |    69 |    70 |   367 |   214 ||   720
       Rpst.: Long sword |    17 |    12 |    48 |    33 ||   110
